[Event "4NCL Div 2 2024-25"]
[Site "England"]
[Date "2025.02.15"]
[Round "5.6"]
[White "Fellowes, Billy"]
[Black "Lishoy Gengis Paratazham, Dildarav"]
[Result "0-1"]
[Annotator "TA"]
[ECO "B10"]
[WhiteElo "2055"]
[BlackElo "2045"]
[PlyCount "96"]
[EventDate "2024.11.23"]
[EventType "team-tourn"]
[EventCountry "ENG"]
[SourceTitle "playchess.com"]
[Source "ChessBase"]
[SourceQuality "1"]
[TimeControl "40/6000+30:3000+30"]

1. g3 e5 2. Bg2 d5 3. d3 Nf6 4. Nf3 Bd6 5. O-O O-O 6. Nbd2 c6 7. e4 Re8 8. Re1 Bc7 {[%emt 0:00:39] B10: Caro-Kann: 2 d3 and 2 c4.} 9. Qe2 Nbd7 10. h3 Nf8 $146 {[%emt 0:04:00] Black is slightly better.} ({Predecessor:} 10... dxe4 11. dxe4 a5 12. a4 Nc5 13. b3 b6 14. Ba3 Ba6 15. Qd1 Ne6 16. Bf1 Bxf1 17. Kxf1 {1-0 Harika,D (2492)-Sebag,M (2476) Chess.com Speed (Women) blitz 2019 (1.17)}) 11. Nf1 Ng6 12. c3 a5 13. a4 Bd7 14. Qc2 Qe7 15. Ne3 Rad8 ({Black should play} 15... h6 $15) 16. Nf5 $11 Bxf5 17. exf5 Nf8 18. Bf4 (18. Nxe5 $1 $14 Bxe5 19. d4) 18... N6d7 (18... e4 $11) 19. d4 $14 f6 20. Rad1 Qf7 21. dxe5 fxe5 22. Ng5 Qf6 23. Bc1 h6 24. Nf3 Nh7 25. Nh4 {[%emt 0:01:50][%cal Od1d5] Rxd5! would now be deadly.} Nhf8 26. Be3 (26. c4 $14 d4 27. c5) 26... Kh8 27. Bf3 Bb6 28. Bxb6 Nxb6 29. Qb3 (29. Bh5 $5) 29... Nc4 (29... Nfd7 $1 $11) 30. Bh5 $1 $16 Re7 $2 {[%emt 0:00:00][%mdl 8192] [#]} (30... Nd6 $16 {is more resistant.}) 31. Qxc4 $1 $18 dxc4 (31... g5 32. Ng6+) 32. Rxd8 Kg8 {[%emt 0:00:00] Black is weak on the light squares} 33. Red1 g5 34. R1d6 $2 (34. Ng6 Rf7 35. g4) 34... Qxd6 35. Rxd6 gxh4 36. gxh4 $2 {[%emt 0:00:47][%mdl 4096] Endgame KRB-KRN. White is a pawn up.} ({Better is} 36. Rd8 $18) 36... Rd7 $11 37. Rf6 (37. Rd1 $1 $11 {and White is okay.}) 37... Kg7 $19 38. Re6 Nxe6 39. fxe6 {[%emt 0:00:02] KR-KB} Re7 40. Bg4 Kf6 41. h5 (41. Kf1 $142) 41... b5 42. axb5 cxb5 {[%emt 0:00:00] [#] Strongly threatening ...Rxe6.} 43. Kf1 Re8 44. Ke2 Rd8 45. Ke3 Rd3+ 46. Ke4 Rd2 47. f3 b4 48. Ke3 Rxb2 {[%emt 0:00:00] Black used his chance.   Weighted Error Value: White=1.03/Black=0.42  Loses game:     	White=1     	Black=1      Missed win:     	White=1     	---        Mistake:       	White=4     	Black=3      Inaccurate:     	White=3     	Black=9      OK:         	White=6     	Black=9      Best:        	---       	Black=4      Strong:       	White=1     	---        Brilliant:      	White=1     	---} 0-1

[Event "4NCL Div 2 2024-25"]
[Site "England"]
[Date "2025.02.15"]
[Round "5.6"]
[White "Duckers, Harvey L"]
[Black "Manley, Jon P"]
[Result "0-1"]
[Annotator "TA"]
[ECO "A26"]
[WhiteElo "1900"]
[BlackElo "2072"]
[PlyCount "68"]
[EventDate "2024.11.23"]
[EventType "team-tourn"]
[EventCountry "ENG"]
[SourceTitle "playchess.com"]
[Source "ChessBase"]
[SourceQuality "1"]
[TimeControl "40/6000+30:3000+30"]

1. c4 e5 2. Nc3 Nc6 3. g3 g6 4. Bg2 Bg7 5. d3 d6 6. Nf3 Nge7 7. O-O O-O 8. Rb1 a5 9. a3 Bg4 {[%emt 0:14:18] A26: English Opening vs King's Indian with ...Nc6 and d3.} 10. h3 Bd7 11. Bd2 $146 ({Predecessor:} 11. b4 axb4 12. axb4 Qc8 13. Kh2 h6 14. e3 f5 15. b5 Nd8 16. Bb2 Ne6 17. d4 {0-1 Janzelj,L (2159)-Salimova,N (2425) CRO-chT (Women) 28th 2019 (1.3)}) 11... Nd4 {[%emt 0:05:15] The position is equal.} 12. Ne1 (12. Re1 $11 {deserves consideration.}) 12... c6 13. e3 Ne6 14. f4 exf4 15. gxf4 Nf5 16. Nf3 Qb6 17. d4 Qa6 {[%emt 0:01:03] Black is much more active.} 18. b3 Rae8 19. Re1 Nc7 20. Kh2 Re7 21. Bf1 {[%emt 0:03:30] Hoping for e4.} Qa7 22. Qc1 b5 23. cxb5 (23. Bg2 $142) 23... cxb5 (23... Nxb5 $142 24. Nd1 Rfe8) 24. Bd3 (24. b4 $17) 24... Rfe8 {[%emt 0:02:10] White must now prevent ...b4.} 25. b4 {[%emt 0:00:00] [#]} a4 26. Nd1 $2 {[%emt 0:00:00] This costs White the game.} (26. Re2 $17) 26... Qb7 $19 27. Ng1 Nxd4 28. exd4 (28. Rf1 $142 Bf5 29. Bxf5 Nxf5 30. Qc2) 28... Rxe1 29. Bxe1 Rxe1 30. Qd2 Re8 $2 (30... Rxg1 31. Kxg1 Bxd4+ 32. Kh2 Qf3) 31. Qf2 $2 (31. Bf1) 31... Qd5 {[%emt 0:04:25] Black is clearly winning.} 32. Ne2 Qh5 33. Ng1 Ne6 34. d5 {[%emt 0:00:59] [#]} Nxf4 $1 {[%emt 0:00:44][%mdl 512] Weighted Error Value: White=0.84/Black=0.29 (precise)   Loses game:     	White=1     	---        Mistake:       	White=4     	Black=1      Inaccurate:     	White=4     	---        OK:         	White=6     	Black=12     Best:        	---       	Black=1      Brilliant:      	---       	Black=1} 0-1

[Event "4NCL Div 2 2024-25"]
[Site "England"]
[Date "2025.02.15"]
[Round "5.7"]
[White "Nicholas, Koichi B"]
[Black "Fallowfield, Jeremy R"]
[Result "1/2-1/2"]
[Annotator "TA"]
[ECO "B31"]
[WhiteElo "2089"]
[BlackElo "2072"]
[PlyCount "78"]
[EventDate "2024.11.23"]
[EventType "team-tourn"]
[EventCountry "ENG"]
[SourceTitle "playchess.com"]
[Source "ChessBase"]
[SourceQuality "1"]
[TimeControl "40/6000+30:3000+30"]

1. e4 c5 2. Nf3 Nc6 3. Bb5 g6 4. O-O Bg7 5. Re1 e5 6. Bxc6 dxc6 7. d3 Qc7 8. Be3 {[%emt 0:01:40] 8.a4 is more fashionable. B31: Sicilian: 2...Nc6 3 Bb5 g6.} b6 9. a4 a5 10. h3 Nf6 11. Na3 O-O 12. Qd2 Rd8 13. Bg5 Re8 14. Nc4 Nd7 15. Bh6 Bxh6 $146 ({Predecessor:} 15... Bh8 16. Nh2 Ba6 17. Ng4 Bxc4 18. dxc4 Nf6 19. Bg5 Nh5 20. g3 f6 21. Be3 Rad8 22. Qe2 Bg7 {½-½ Jacobson,B (2486)-Gordievsky,D (2592) Saint Louis Summer-C 2019 (2)}) 16. Qxh6 f6 17. Nh2 Nf8 18. Qh4 Kg7 19. Ne3 Qe7 ({Black should try} 19... Ne6 $11) 20. f4 $14 exf4 21. Qxf4 Be6 22. Rf1 Nd7 23. Rae1 Ne5 24. Rf2 Rad8 25. Ref1 Rf8 26. Qg3 (26. b3 Qd6 27. Nhg4 Nxg4 28. Qxd6 Rxd6 29. Nxg4 Bxg4 30. hxg4 h6 31. Rf3) 26... Qd6 27. b3 (27. Neg4 Nxg4 28. Qxd6 Rxd6 29. Nxg4 Bxg4 30. hxg4 Kh6 31. e5) 27... b5 28. axb5 (28. Nhg4 {simplifies} Nxg4 29. Qxd6 Rxd6 30. Nxg4 Bxg4 31. hxg4 bxa4 32. bxa4 Rdd8 33. Rf3) 28... cxb5 29. Ra1 Qb6 (29... a4 $5 30. bxa4 Qd4 $17) 30. Nhg4 Nd7 31. Raf1 Qb8 (31... a4 $11) 32. Qh4 {[%emt 0:00:43] White attacks} Bxg4 33. Nxg4 {[%emt 0:00:38][%cal Oe4e5] [#]} Qd6 34. Qh6+ Kg8 $1 35. Qh4 {[%emt 0:00:33][%cal Oe4e5] Hoping for e5!.} Kg7 $1 36. Qh6+ (36. e5 $5 fxe5 37. Qh6+ Kg8 38. Qg5 $16) 36... Kg8 $1 37. Qd2 Ra8 {[%emt 0:02:33] [#]} (37... a4 $14) 38. Qc3 {[%emt 0:00:47] White is more active.} (38. e5 $1 $16 Nxe5 39. Nxf6+ Kg7 40. Qe1) 38... Kg7 39. Ra1 Qd4 {[%emt 0:00:47] Weighted Error Value: White=0.15 (very precise) /Black=0.12 (very precise)   Mistake:       	White=1     	Black=3      Inaccurate:     	White=4     	Black=1      OK:         	White=6     	Black=12     Best:        	White=2     	---        Strong:       	---       	Black=3} 1/2-1/2

[Event "4NCL Div 2 2024-25"]
[Site "England"]
[Date "2025.02.15"]
[Round "5.7"]
[White "Hariharan, Shambavi"]
[Black "Tart, Peter K"]
[Result "1-0"]
[Annotator "TA"]
[ECO "A21"]
[WhiteElo "1940"]
[BlackElo "1903"]
[PlyCount "81"]
[EventDate "2024.11.23"]
[EventType "team-tourn"]
[EventCountry "ENG"]
[SourceTitle "playchess.com"]
[Source "ChessBase"]
[SourceQuality "1"]
[TimeControl "40/6000+30:3000+30"]

1. Nf3 f5 2. g3 Nf6 3. Bg2 d6 4. O-O e5 5. d3 Be7 6. c4 Nc6 7. Nc3 O-O 8. Rb1 a5 9. a3 Qe8 10. b4 axb4 {[%emt 0:00:07] A21: English Opening: 1...e5 2 Nc3.} 11. axb4 Qh5 12. Nb5 Bd8 {[%emt 0:01:54][%cal Of5f4] The position is equal.} 13. Bd2 {[%emt 0:05:13] [#]} f4 $1 14. e3 $146 (14. c5 d5) ({Predecessor:} 14. c5 d5 15. gxf4 Bh3 16. Bxh3 Qxh3 17. Ng5 Qh4 18. f3 exf4 19. Ne6 Ng4 20. fxg4 Qxg4+ {1-0 Yakubbaeva,N (2250)-Bakhrillaev,B (2080) Khodzhaev Memorial 2021 (6)}) 14... Bg4 (14... Bf5 $5 15. Rb3 fxe3 16. fxe3 e4 17. dxe4 Bxe4 $17 (17... Nxe4 18. Bc1 $17)) 15. Qe2 $2 (15. exf4 $15 exf4 16. gxf4) 15... e4 $19 16. dxe4 Nxe4 $2 (16... Ne5 $19 17. Nbd4 Nxe4 (17... fxg3 $2 18. fxg3 Nxe4 19. Be1 $19) 18. exf4 Nxd2 19. Qxd2 Nxf3+ 20. Nxf3 Bxf3) 17. h3 $1 $11 Bxh3 18. Bxh3 (18. exf4 $11 Bf5 19. Rbe1) 18... Qxh3 {[%emt 0:00:31] Black attacks} ({Black should play} 18... fxg3 $17 19. Be6+ Kh8 20. fxg3 Nxg3 (20... Qg6 21. Qg2 $16)) 19. exf4 Nxd2 20. Qxd2 Qd7 (20... Rf5 {seems wilder.} 21. Qe2 Ne5 22. fxe5 Rh5) 21. Kg2 Bf6 22. Rh1 Na7 $2 (22... h6 $14) 23. Qd5+ $18 Qf7 {[%emt 0:02:25] [#] Strongly threatening ...Qxd5.} 24. Nxc7 (24. Qxb7 Nxb5 25. Qxb5 Ra2) 24... Rac8 $2 (24... Qxd5 25. Nxd5 b5) 25. Ne6 Rfe8 26. f5 {[%emt 0:00:00][%cal Oh1h7,Bf4f5,Bf5e6][%mdl 32] Rxh7! is the strong threat.} h6 27. b5 {[%emt 0:00:00] Wards off Nc6} ({Not} 27. Qxd6 Rxc4 28. Qd5 b5 $18) 27... Rxe6 (27... Rc5 $142) 28. fxe6 Qe7 29. Nd4 Bxd4 30. Qxd4 Rc5 31. Rbe1 Nc8 32. Qg4 Rg5 33. Qf3 Nb6 34. Re4 Rc5 35. Rh5 Rxc4 36. Rf5 Rxe4 37. Qxe4 d5 38. Qe5 {[%emt 0:00:00] Rf7 would kill now.} Nc4 39. Qxd5 Nd6 40. Rf3 Kh7 41. Rd3 {[%emt 0:44:15] Never resign too early!   Weighted Error Value: White=0.62/Black=0.84  Loses game:     	White=1     	Black=1      Missed win:     	---       	Black=1      Mistake:       	White=1     	Black=3      Inaccurate:     	White=3     	Black=2      OK:         	White=3     	Black=5      Best:        	White=2     	Black=1      Strong:       	White=1     	---} 1-0

[Event "4NCL Div 2 2024-25"]
[Site "England"]
[Date "2025.02.15"]
[Round "5.8"]
[White "Brooks, Phil J"]
[Black "Shepherd, Tom"]
[Result "1/2-1/2"]
[Annotator "TA"]
[ECO "D53"]
[WhiteElo "2124"]
[BlackElo "1905"]
[PlyCount "44"]
[EventDate "2024.11.23"]
[EventType "team-tourn"]
[EventCountry "ENG"]
[SourceTitle "playchess.com"]
[Source "ChessBase"]
[SourceQuality "1"]
[TimeControl "40/6000+30:3000+30"]

1. d4 d5 2. c4 e6 3. Nc3 Nf6 4. Bg5 Be7 5. e3 O-O 6. cxd5 Nxd5 7. Bxe7 Qxe7 8. Nf3 Nxc3 {[%emt 0:02:46] D53: Queen's Gambit Declined: 4 Bg5 Be7: Early deviations.} 9. bxc3 b6 10. Bd3 Bb7 11. Qc2 h6 12. O-O Nd7 13. a4 Rfe8 $146 ({Predecessor:} 13... c5 14. a5 Rfc8 15. Qb2 cxd4 16. cxd4 Qd6 17. Rfd1 Rab8 18. axb6 Bxf3 19. gxf3 axb6 {½-½ Mourot,F (2057)-Simon,L (2170) FRA-chT2O 0203 2002 (4.6)}) 14. Be4 Bxe4 {[%emt 0:00:28] The position is equal.} 15. Qxe4 a5 16. Rfb1 Qd6 17. Rb5 Rac8 18. h3 c5 19. Ne5 cxd4 20. cxd4 Nxe5 21. Qxe5 Qxe5 22. dxe5 Rc6 {[%emt 0:00:20] An uneventful encounter.   Weighted Error Value: White=0.10 (very precise) /Black=0.08 (flawless)   Inaccurate:     	White=1     	Black=2      OK:         	White=3     	Black=5} 1/2-1/2

[Event "4NCL Div 2 2024-25"]
[Site "England"]
[Date "2025.02.15"]
[Round "5.8"]
[White "Grimmett, Ashton"]
[Black "Murawski, Jan"]
[Result "1/2-1/2"]
[Annotator "TA"]
[ECO "E01"]
[WhiteElo "1780"]
[BlackElo "2065"]
[PlyCount "136"]
[EventDate "2024.11.23"]
[EventType "team-tourn"]
[EventCountry "ENG"]
[SourceTitle "playchess.com"]
[Source "ChessBase"]
[SourceQuality "1"]
[TimeControl "40/6000+30:3000+30"]

1. d4 Nf6 2. c4 e6 3. g3 d5 4. Nc3 dxc4 5. Bg2 c5 6. Qa4+ {[%emt 0:04:16] E01: Catalan: Early deviations.} Bd7 7. Qxc4 Bc6 8. Bxc6+ Nxc6 9. dxc5 Qd4 {[%emt 0:01:47] Repels Be3} 10. Qb3 Bxc5 $146 ({Predecessor:} 10... Ng4 11. e3 Qd7 12. Nf3 Bxc5 13. O-O Nce5 14. Nxe5 Nxe5 15. Qa4 Qxa4 16. Nxa4 Bb4 {0-1 Verich,O (1082)-Osipov,A (1380) LSS RF-2011-0-00097}) 11. Be3 Qb4 12. Bxc5 Qxc5 13. Nf3 e5 14. O-O e4 15. Nd2 (15. Qxb7 Rb8 16. Na4 Rxb7 $17 (16... Qd5 17. Qc7 $11)) 15... Qe7 {[%emt 0:00:50] Successful Defense Black} 16. Rad1 O-O 17. Nc4 Rad8 18. Ne3 b6 (18... g6 $11) 19. Ned5 (19. Qa4 $14 Qe6 20. h3) 19... Nxd5 $11 20. Nxd5 Qe5 21. Qc4 Rd6 22. Rd2 (22. Nc3 $11) 22... Rfd8 $17 23. Rfd1 Qe6 {[%emt 0:01:18] [#]} (23... Kf8 $15 24. f3 exf3 25. exf3 Qe6) 24. Nf6+ $1 $11 gxf6 (24... Qxf6 $6 25. Qxc6 Rxd2 26. Rxd2 $16 (26. Qxe4 $2 Rxd1+ 27. Kg2 Qxb2 $19)) 25. Qxe6 Rxe6 26. Rxd8+ Nxd8 27. Rxd8+ {[%emt 0:00:13][%mdl 4096] Endgame KR-KR} Kg7 28. Rd7 a6 29. Rd5 Rc6 30. Rd2 {[%emt 0:02:48] Prevents Rc2.} a5 31. e3 Rc5 32. a3 Rc1+ 33. Kg2 Rb1 (33... Rc5 $11 {keeps the balance.}) 34. g4 $16 h5 35. gxh5 b5 36. Kg3 b4 37. axb4 axb4 38. Kf4 Rh1 (38... b3 {was called for.} 39. Kxe4 Rc1) 39. Kxe4 $18 Rxh2 40. Kd4 Rxh5 41. Kc4 Rh1 (41... Rh8 $142 42. Rd4 (42. Kxb4 Rb8+ 43. Kc4 Rc8+ 44. Kb3 Kg6 $16) 42... Rc8+ 43. Kb3 (43. Kxb4 Rc2 $16) 43... f5 44. Rxb4 (44. Kxb4 Rc2 $16) 44... Kf6) 42. Kxb4 Kg6 43. Kc3 {[%emt 0:00:00] [#]} Rc1+ 44. Rc2 Rb1 45. b4 Kf5 46. Rb2 Rc1+ 47. Kd2 Rc7 48. b5 Ke5 49. Ke2 Rb7 50. Kf3 Rb6 51. Rb4 f5 52. Kg3 Rg6+ 53. Kf3 Rb6 54. Ke2 Kd5 55. Kd3 f6 $2 (55... Kd6 56. Kc4 Rb7) 56. Kc3 Kc5 57. Rf4 Kxb5 58. Rxf5+ Ka6 59. Kd4 Kb7 60. Rc5 Re6 61. f4 Kb6 62. e4 Rd6+ (62... Re7 $142 63. Rh5 Kc6) 63. Rd5 Re6 64. e5 Kc6 65. Ke4 {[%emt 0:00:56] And now f5 would win.} fxe5 66. Rxe5 $2 ({White should try} 66. f5 $18 Re7 67. Rd8 (67. Rxe5 Kd6 $11)) 66... Kd6 $11 {[%emt 0:00:14] The position is equal.} 67. Kd4 Rxe5 68. fxe5+ Ke6 {[%emt 0:00:05] Weighted Error Value: White=0.18 (very precise) /Black=0.36  Mistake:       	White=2     	Black=7      Inaccurate:     	---       	Black=2      OK:         	White=28    	Black=13     Best:        	White=5     	Black=9} 1/2-1/2

[Event "4NCL Div 2 2024-25"]
[Site "England"]
[Date "2025.02.15"]
[Round "5.9"]
[White "Pein, Jonathan"]
[Black "Mason, Donald J"]
[Result "1/2-1/2"]
[Annotator "ChessBase"]
[ECO "A38"]
[WhiteElo "2249"]
[BlackElo "2021"]
[PlyCount "109"]
[EventDate "2024.11.23"]
[EventType "team-tourn"]
[EventCountry "ENG"]
[SourceTitle "playchess.com"]
[Source "ChessBase"]
[SourceQuality "1"]
[TimeControl "40/6000+30:3000+30"]

1. Nf3 Nf6 2. g3 g6 3. b3 Bg7 4. Bb2 O-O 5. Bg2 c5 6. O-O d6 7. c4 e5 8. Nc3 Nc6 9. Ne1 Ne8 10. Nc2 f5 11. Ne3 f4 12. Ned5 Nc7 13. a3 Ne6 14. b4 Ng5 15. Ne4 Nxe4 16. Bxe4 Bh3 17. Bg2 Bxg2 18. Kxg2 e4 19. Bxg7 f3+ 20. Kh1 Kxg7 21. d3 Nd4 22. e3 Ne2 23. Nf4 Rxf4 24. exf4 Qd7 25. dxe4 Qh3 26. Rg1 Re8 27. Qd3 Nd4 28. Rad1 Re6 29. Qe3 g5 30. fxg5 Qg4 31. Rxd4 cxd4 32. Qxd4+ Kg8 33. Qd5 Qxe4 34. Qxe4 Rxe4 35. Rc1 Re2 36. h3 Rxf2 37. Rc3 Rf1+ 38. Kh2 Rf2+ 39. Kg1 Rg2+ 40. Kf1 Rxg3 41. Rd3 b5 42. cxb5 Rxg5 43. Rxd6 Rxb5 44. Rd8+ Kf7 45. Rd7+ Ke6 46. Rxa7 Rh5 47. a4 Kd6 48. b5 Kc5 49. Ra6 Rxh3 50. Rc6+ Kb4 51. b6 Ka5 52. b7 Rh1+ 53. Kf2 Rb1 54. Rc7 Ka6 55. Rxh7 1/2-1/2

[Event "4NCL Div 2 2024-25"]
[Site "England"]
[Date "2025.02.15"]
[Round "5.10"]
[White "Pal, Rohan"]
[Black "Mazurkiewicz, Michal"]
[Result "0-1"]
[Annotator "ChessBase"]
[ECO "B11"]
[WhiteElo "1970"]
[BlackElo "2259"]
[PlyCount "88"]
[EventDate "2024.11.23"]
[EventType "team-tourn"]
[EventCountry "ENG"]
[SourceTitle "playchess.com"]
[Source "ChessBase"]
[SourceQuality "1"]
[TimeControl "40/6000+30:3000+30"]

1. e4 c6 2. Nf3 d5 3. Nc3 Bg4 4. h3 Bxf3 5. Qxf3 e6 6. d3 Nd7 7. Bd2 g6 8. g3 Bg7 9. Bg2 Qb6 10. Rb1 Ne7 11. Qe2 O-O 12. O-O Rae8 13. Kh2 f5 14. f4 d4 15. Nd1 e5 16. Nf2 exf4 17. gxf4 Nd5 18. e5 Qc5 19. b4 Qb5 20. a4 Qxa4 21. Ra1 Qb5 22. Ra5 Qb6 23. Bxd5+ cxd5 24. Qf3 Qc6 25. Qxd5+ Qxd5 26. Rxd5 Nb6 27. Rc5 Rc8 28. Ra1 a6 29. Raa5 Rfd8 30. h4 Bf8 31. Rxc8 Rxc8 32. Ra2 Nd5 33. b5 axb5 34. Nh3 h6 35. Ng1 Bb4 36. Bc1 Be7 37. Bd2 Bxh4 38. Nf3 Bf2 39. Rb2 Rc5 40. e6 Kg7 41. Ne5 Be3 42. Bxe3 dxe3 43. c4 Nxf4 44. Rxb5 Rxb5 0-1

[Event "4NCL Div 2 2024-25"]
[Site "England"]
[Date "2025.02.15"]
[Round "5.11"]
[White "Gallana, Marco"]
[Black "Talsma, Paul"]
[Result "1-0"]
[Annotator "TA"]
[ECO "D32"]
[WhiteElo "2216"]
[BlackElo "2083"]
[PlyCount "47"]
[EventDate "2024.11.23"]
[EventType "team-tourn"]
[EventCountry "ENG"]
[SourceTitle "playchess.com"]
[Source "ChessBase"]
[SourceQuality "1"]
[TimeControl "40/6000+30:3000+30"]

1. Nf3 Nf6 2. c4 c5 3. Nc3 e6 4. e3 Nc6 5. d4 d5 6. cxd5 exd5 7. Bb5 Bd6 8. O-O O-O 9. dxc5 Bxc5 10. b3 a6 11. Bxc6 bxc6 12. Bb2 Bg4 13. Rc1 {[%emt 0:00:36] D32: Tarrasch Defence: Sidelines and lines without g3.} Ba7 14. h3 Bh5 15. Ne2 $146 {[%emt 0:00:17] White is slightly better.} ({Predecessor:} 15. Na4 Rc8 16. Nc5 Re8 17. Qd3 Qd6 18. b4 Bb8 19. g4 Bg6 20. Qxa6 Nd7 21. Bd4 {½-½ Tsiganova,M (2221)-Fomina,T (2254) EST-ch (Women) 2008 (5)}) 15... Rc8 16. Nf4 {[%emt 0:05:22] aiming for Bxf6.} Bg6 (16... Bxf3 $14 17. Qxf3 Re8) 17. Qe2 $1 $16 {[%emt 0:11:20] White is more active.} a5 {[%emt 0:01:29] [#]} (17... Be4 $16 {might work better.}) 18. Qa6 $1 $18 {[%emt 0:03:23][%csl LRa7,LRc6] White is clearly better.} Qb6 19. Qxb6 Bxb6 {[%emt 0:00:01] [#]} 20. Ne5 $1 c5 21. Nexg6 fxg6 22. Bxf6 gxf6 23. Nxd5 Bd8 24. Rc4 {[%emt 0:01:17] White took control after the opening.   Weighted Error Value: White=0.00 (flawless) /Black=0.26 (precise)   Mistake:       	---       	Black=2      OK:         	White=9     	Black=3      Strong:       	White=2     	---} 1-0

[Event "4NCL Div 2 2024-25"]
[Site "England"]
[Date "2025.02.15"]
[Round "5.12"]
[White "Vaidyanathan, Adithya"]
[Black "Maciol, Ryszard"]
[Result "1-0"]
[Annotator "TA"]
[ECO "D37"]
[WhiteElo "1872"]
[BlackElo "2125"]
[PlyCount "143"]
[EventDate "2024.11.23"]
[EventType "team-tourn"]
[EventCountry "ENG"]
[SourceTitle "playchess.com"]
[Source "ChessBase"]
[SourceQuality "1"]
[TimeControl "40/6000+30:3000+30"]

1. d4 {[%emt 0:10:03] ChessBase II} Nf6 2. Nf3 e6 3. c4 a6 4. Nc3 d5 5. cxd5 exd5 6. Bg5 {[%emt 0:00:05] D37: Queen's Gambit Declined: 5 Bf4.} Be6 7. e3 c6 8. Qb3 {[%emt 0:04:31] White is slightly better.} b5 9. Qc2 Nbd7 10. Bd3 h6 11. Bh4 Be7 12. O-O O-O 13. Rac1 $146 ({Predecessor:} 13. a3 c5 14. dxc5 Nxc5 15. Nd4 Qd7 16. Be2 Rac8 17. Rac1 Nce4 18. Qd3 Nxc3 19. Rxc3 Rxc3 20. bxc3 {½-½ Steger,A (1990)-Krasnov,S (1862) San Francisco Neil Falconer op 2013 (7)}) 13... Rc8 14. a3 c5 15. dxc5 Nxc5 16. Rfd1 Qb6 17. Nd4 b4 (17... Nxd3 $14 18. Qxd3 Rc4) 18. Na4 (18. axb4 $16 Nxd3 19. Qxd3) 18... Qa5 (18... Nxa4 $11 19. Qxa4 Bd7) 19. axb4 $16 Qxb4 20. Nxc5 (20. Bh7+ $1 $16 Kh8 21. Bxf6 Nxa4 22. Bxe7 (22. Nc6 Rxc6 23. Bxe7 Rxc2 $11) 22... Qxe7 23. Qxa4 Kxh7 24. Qxa6) 20... Bxc5 21. Qb3 (21. Bxa6 Bxd4 22. Bxc8 Rxc8 23. Qxc8+ (23. Rxd4 $2 Rxc2 24. Rf1 Qxb2 $19) 23... Bxc8 24. Rxc8+ (24. exd4 $2 Bg4 $19) 24... Kh7 25. exd4 Ne4 $11) 21... a5 22. Qxb4 axb4 23. Ba6 {[%emt 0:01:39] White is much more active.} Bxd4 24. Bxc8 (24. exd4 Rxc1 25. Rxc1 Bd7 $11) 24... Bxb2 25. Rb1 (25. Rc2 $6 Bc3 26. Bxe6 fxe6) 25... Bc3 26. Bxf6 gxf6 27. Bxe6 fxe6 $14 {[%emt 0:00:09][%mdl 4096] Endgame KRR-KRB} 28. Kf1 Kf7 29. Ke2 Ra8 30. f4 Ra5 31. h3 Kg6 32. g4 Ra2+ 33. Kf3 Rh2 {[%emt 0:00:27] [#]} 34. f5+ $1 Kf7 35. fxe6+ Kxe6 36. Rh1 Ra2 37. h4 Ra3 38. Rhd1 b3 39. Rd3 b2 40. Ke2 Ra1 41. Rdd1 Ra4 42. Rg1 f5 43. Kd3 Ra3 44. gxf5+ Kxf5 45. Rbf1+ Ke5 46. Ke2 Rb3 47. h5 Bb4 48. Rb1 Bc5 49. Rg3 Ke4 50. Rg4+ Kf5 51. Rg3 Ke5 52. Rf3 Bd6 53. Rf4 Ke6 54. Rg4 Be5 55. Rg6+ Ke7 56. Rxh6 Rb4 57. Ra6 {[%emt 0:01:12] h6 would now be deadly.} Rc4 {[%emt 0:00:38] White must now prevent ...Rc1.} 58. Rg6 Rh4 $1 59. h6 Kf7 ({Black should try} 59... Bf6 $14) 60. Rc6 (60. Rb6 $16) 60... Bf6 {[%emt 0:00:19] [#]} (60... d4 $14) 61. Rd6 (61. Kd3 $1 $16) 61... d4 62. exd4 (62. Rxb2 Rh2+ 63. Kd3 Rxb2 $17) 62... Bxd4 63. Rf1+ Ke7 64. Ra6 Rf4 {[%emt 0:00:39] ( -> ...Rxf1)} 65. Rd1 (65. Rxf4 b1=Q (65... b1=B 66. Rxd4 Bf5 67. Rh4 Bh7 68. Rb4 Bf5 69. Rb7+ Bd7 70. h7 Kf7 71. h8=Q Ke7 72. Qb8 Kf7 73. Rxd7#) 66. Rxd4 Qb5+ 67. Rd3 Qxa6 $19) 65... Rf6 (65... Rh4 $14) 66. Ra4 ({White should play} 66. Rxf6 $16 Kxf6 67. h7 (67. Rxd4 $2 {too greedy.} b1=Q $19)) 66... Re6+ {[%emt 0:00:17] [#]} 67. Kf3 $1 Bh8 $2 (67... Rb6 $16) 68. h7 $2 (68. Re4 $18 Rxe4 69. Kxe4) 68... Rb6 $1 69. Ra8 Rf6+ $2 (69... Rb3+ $14 70. Kg2 Be5) 70. Kg4 $18 {[%emt 0:00:23] White is clearly winning.} Rd6 71. Re1+ Re6 72. Rb1 {[%emt 0:00:13] Weighted Error Value: White=0.09 (flawless) /Black=0.13 (very precise)   Loses game:     	---       	Black=2      Missed win:     	White=1     	---        Mistake:       	White=5     	Black=5      Inaccurate:     	White=3     	Black=4      OK:         	White=23    	Black=21     Best:        	White=3     	Black=4      Strong:       	White=1     	Black=2} 1-0